[Event "EYCC 2017"]
[Site "Mamaia"]
[Date "2017.09.11"]
[Round "6"]
[White "Vetokhin, Savva"]
[Black "Royal, Shreyas"]
[Result "0-1"]
[ECO "B22"]
[WhiteElo "1703"]
[BlackElo "1700"]
[Annotator "NA"]
[PlyCount "148"]
[EventDate "2017.??.??"]
[EventType "swiss"]
[EventCountry "ROU"]
[SourceTitle "playchess.com"]
[Source "ChessBase"]
[SourceQuality "1"]
[TimeControl "40/5400+30:1800+30"]

1. e4 c5 2. c3 Nf6 3. e5 Nd5 4. Nf3 Nc6 5. Bc4 Nb6 6. Bb3 d5 7. exd6 Qxd6 8. Na3 Be6 9. d4 Bxb3 10. Qxb3 cxd4 11. Nb5 Qd7 12. Nbxd4 e6 13. Nxc6 Qxc6 14. O-O Be7 15. Ne5 Qd5 16. Bf4 Qxb3 17. axb3 O-O 18. Rfd1 Nd5 19. Bg3 a6 20. c4 Nf6 21. Rd3 Rfd8 22. Rad1 Rxd3 23. Rxd3 Rd8 24. Rxd8+ Bxd8 25. Bh4 Kf8 26. Nd3 Be7 27. Kf1 Ke8 28. Ke2 h6 29. f4 Bd6 30. h3 Nh5 31. Ke3 Nxf4 32. Nxf4 g5 33. Nxe6 fxe6 34. Be1 Be5 35. Bc3 Bxc3 36. bxc3 Kd7 37. Kd4 Kd6 38. Ke4 h5 39. g3 b6 40. h4 gxh4 41. gxh4 e5 42. Kf5 a5 43. Kg5 Ke6 44. Kxh5 Kf5 45. Kh6 e4 46. h5 e3 47. Kg7 e2 48. h6 e1=Q 49. h7 Qxc3+ 50. Kg8 Ke4 51. h8=Q Qxh8+ 52. Kxh8 Kd3 53. Kg7 Kc3 54. Kf6 Kxb3 55. Ke5 a4 56. Kd5 a3 57. c5 bxc5 58. Kxc5 a2 59. Kb5 a1=Q 60. Kc5 Qe5+ 61. Kc6 Qd4 62. Kb5 Qc4+ 63. Kb6 Kb4 64. Kb7 Kb5 65. Ka7 Qc7+ 66. Ka8 Qa5+ 67. Kb7 Qa6+ 68. Kc7 Kc5 69. Kd7 Qb6 70. Ke7 Kd5 71. Kf7 Ke5 72. Kg7 Kf5 73. Kh7 Kg5 74. Kg8 Kg6 0-1

[Event "EYCC 2017"]
[Site "Mamaia"]
[Date "2017.09.11"]
[Round "6"]
[White "Kolesov, Gordey"]
[Black "Milikow, Elie"]
[Result "1-0"]
[ECO "B33"]
[WhiteElo "1672"]
[BlackElo "1977"]
[Annotator "NA RC"]
[PlyCount "169"]
[EventDate "2017.??.??"]
[EventType "swiss"]
[EventCountry "ROU"]
[SourceTitle "playchess.com"]
[Source "ChessBase"]
[SourceQuality "1"]
[TimeControl "40/5400+30:1800+30"]

1. e4 c5 2. Nf3 Nc6 3. d4 cxd4 4. Nxd4 Nf6 5. Nc3 e5 6. Ndb5 d6 7. Bg5 a6 8. Na3 b5 9. Bxf6 Qxf6 10. Nd5 Qd8 11. c3 Be7 12. Nc2 O-O 13. Bd3 Be6 14. Nce3 Bg5 15. O-O Ne7 16. Bc2 Bxe3 17. Nxe3 g6 18. Bb3 Bxb3 19. Qxb3 Kh8 20. Rad1 Ra7 21. Qa3 Nc8 22. c4 Qc7 23. Rc1 bxc4 24. Nxc4 Qe7 25. Rfd1 Rd8 26. Rd5 f6 27. Rcd1 Rad7 28. h3 Kg7 29. Qxa6 Ra7 30. Qc6 Rc7 31. Qa4 Rxc4 32. Qxc4 Nb6 33. Qc6 Nxd5 34. Rxd5 f5 35. Rb5 Rd7 36. Rb8 Rc7 37. Qd5 Qg5 38. g3 Rc1+ 39. Kg2 Qe7 40. Rb6 Rc5 41. Qxd6 Qxd6 42. Rxd6 fxe4 43. Rd2 Kf6 44. b4 Rc4 45. Rb2 Ke6 46. a4 Kd6 47. a5 Kc7 48. b5 Kb7 49. Kf1 Ra4 50. a6+ Kb6 51. Ke2 Ra3 52. Rb4 Rc3 53. Ra4 Rc8 54. Rxe4 Kxb5 55. Rxe5+ Kxa6 56. Re7 Rh8 57. Rf7 Kb5 58. Kf3 Kc5 59. Kf4 h6 60. Ke5 g5 61. Kf6 Rg8 62. Rg7 Rf8+ 63. Kg6 Rxf2 64. Kxh6 Kd6 65. Kxg5 Ke6 66. g4 Rc2 67. h4 Rc5+ 68. Kh6 Kf6 69. g5+ Kf5 70. Rf7+ Kg4 71. g6 Rh5+ 72. Kg7 Rxh4 73. Kf6 Rh5 74. g7 Rf5+ 75. Ke7 Re5+ 76. Kf8 Rg5 77. g8=Q Rxg8+ 78. Kxg8 Kg5 79. Kg7 Kh5 80. Kf6 Kg4 81. Ke5 Kg3 82. Ke4 Kg2 83. Ke3 Kh2 84. Rg7 Kh3 85. Ke4 1-0

[Event "EYCC 2017"]
[Site "Mamaia"]
[Date "2017.09.11"]
[Round "6"]
[White "Ermachenko, Manuel"]
[Black "Makkar, Rajat"]
[Result "1/2-1/2"]
[ECO "B17"]
[WhiteElo "1660"]
[BlackElo "1880"]
[Annotator "NA"]
[PlyCount "84"]
[EventDate "2017.??.??"]
[EventType "swiss"]
[EventCountry "ROU"]
[SourceTitle "playchess.com"]
[Source "ChessBase"]
[SourceQuality "1"]
[TimeControl "40/5400+30:1800+30"]

1. e4 c6 2. d4 d5 3. Nc3 dxe4 4. Nxe4 Nd7 5. Ng5 Ngf6 6. Bd3 e6 7. N1f3 Bd6 8. Qe2 h6 9. Ne4 Nxe4 10. Qxe4 Qc7 11. Bd2 b6 12. O-O Bb7 13. h3 c5 14. Qe2 O-O 15. Bc3 Rfe8 16. Rfe1 a6 17. Rad1 b5 18. dxc5 Nxc5 19. Ne5 Rad8 20. Bd4 Nxd3 21. Rxd3 Bd5 22. Qh5 f6 23. Ng4 e5 24. Qg6 Kh8 25. Be3 Qf7 26. Qxf7 Bxf7 27. Bb6 Bc4 28. Rd2 Bb4 29. Rxd8 Rxd8 30. c3 Rb8 31. Bc7 Rc8 32. Bxe5 fxe5 33. cxb4 Bxa2 34. Ra1 Bd5 35. Nxe5 Rc2 36. Rxa6 Rxb2 37. Rd6 Bc4 38. Nc6 Kh7 39. f3 Rb1+ 40. Kf2 Rb2+ 41. Kg1 Rb1+ 42. Kh2 Rb2 1/2-1/2

[Event "EYCC 2017"]
[Site "Mamaia"]
[Date "2017.09.11"]
[Round "6"]
[White "Verma, Shlok"]
[Black "Ljepic, Andrej"]
[Result "0-1"]
[ECO "A40"]
[WhiteElo "1658"]
[BlackElo "1616"]
[Annotator "NA"]
[PlyCount "76"]
[EventDate "2017.??.??"]
[EventType "swiss"]
[EventCountry "ROU"]
[SourceTitle "playchess.com"]
[Source "ChessBase"]
[SourceQuality "1"]
[TimeControl "40/5400+30:1800+30"]

1. d4 e6 2. Nf3 d5 3. Bf4 Nf6 4. e3 Be7 5. Nbd2 O-O 6. c3 Nbd7 7. Bd3 c5 8. O-O b6 9. Qe2 Bb7 10. Rfe1 Ne4 11. Ne5 Bf6 12. Nxe4 dxe4 13. Bb5 Bxe5 14. dxe5 Qe7 15. Rad1 Rfd8 16. Rd6 a6 17. Bxd7 Rxd7 18. Rxb6 Rad8 19. Rd6 Rxd6 20. exd6 Qf6 21. Qg4 e5 22. Bg3 Qxd6 23. Qe2 f6 24. Qc2 Qd2 25. Qxd2 Rxd2 26. Kf1 a5 27. b3 a4 28. Rb1 Ba6+ 29. Ke1 Re2+ 30. Kd1 Bd3 31. Ra1 f5 32. bxa4 f4 33. exf4 exf4 34. Bh4 g5 35. Bxg5 Rxf2 36. Rc1 e3 37. Bh4 Rxg2 38. c4 f3 0-1

[Event "EYCC 2017"]
[Site "Mamaia"]
[Date "2017.09.11"]
[Round "6"]
[White "Dimitrov, Martin Il"]
[Black "Samunenkov, Igor"]
[Result "0-1"]
[ECO "B12"]
[WhiteElo "1645"]
[BlackElo "1794"]
[Annotator "NA"]
[PlyCount "72"]
[EventDate "2017.??.??"]
[EventType "swiss"]
[EventCountry "ROU"]
[SourceTitle "playchess.com"]
[Source "ChessBase"]
[SourceQuality "1"]
[TimeControl "40/5400+30:1800+30"]

1. e4 c6 2. d4 d5 3. e5 c5 4. c3 Nc6 5. Nf3 Bg4 6. Bb5 cxd4 7. cxd4 a6 8. Be2 e6 9. O-O Nge7 10. Bg5 Bxf3 11. Bxf3 Qb6 12. Be3 Nf5 13. Nc3 Be7 14. Ne2 O-O 15. Rb1 Rac8 16. Qd2 Qa7 17. Bg4 Nxe3 18. Qxe3 Bd8 19. Rfd1 Bb6 20. b4 Rc7 21. a4 Qa8 22. b5 Na5 23. Qg3 Rc4 24. Ra1 Qa7 25. Qe3 Rb4 26. Rd3 Nc4 27. Qg3 axb5 28. Rdd1 bxa4 29. Qc3 Rb3 30. Qxb3 axb3 31. Rxa7 Bxa7 32. Rb1 b2 33. Bh3 Ra8 34. Nf4 Bxd4 35. Bg4 Ra1 36. Rd1 Rxd1+ 0-1

[Event "EYCC 2017"]
[Site "Mamaia"]
[Date "2017.09.11"]
[Round "6"]
[White "Gasimova, Samra"]
[Black "Tokarz, Izabela"]
[Result "1-0"]
[ECO "D55"]
[WhiteElo "1578"]
[BlackElo "1324"]
[Annotator "NA RC"]
[PlyCount "151"]
[EventDate "2017.??.??"]
[EventType "swiss"]
[EventCountry "ROU"]
[SourceTitle "playchess.com"]
[Source "ChessBase"]
[SourceQuality "1"]
[TimeControl "40/5400+30:1800+30"]

1. d4 d5 2. Nf3 e6 3. c4 Nf6 4. Nc3 Be7 5. Bg5 O-O 6. e3 h6 7. Bf4 c6 8. Bd3 a6 9. Rc1 dxc4 10. Bxc4 c5 11. dxc5 Bxc5 12. O-O b5 13. Bb3 Bb7 14. Nxb5 Bxe3 15. Bxe3 axb5 16. Qxd8 Rxd8 17. Nd4 b4 18. Rfd1 Na6 19. Nb5 Bd5 20. Bxd5 Nxd5 21. Nd4 Nxe3 22. fxe3 Rd7 23. Nc6 Rc7 24. Rc4 Kf8 25. Rdc1 Rac8 26. b3 f6 27. Kf2 e5 28. Kf3 Kf7 29. Nd8+ Rxd8 30. Rxc7+ Nxc7 31. Rxc7+ Kg6 32. Rb7 Ra8 33. Rxb4 Rxa2 34. Rb7 f5 35. Rb6+ Kg5 36. Rc6 e4+ 37. Kg3 Re2 38. Rc3 Kh5 39. h4 g5 40. hxg5 Kxg5 41. b4 Rb2 42. Rc4 h5 43. Rc8 Rxb4 44. Rg8+ Kf6 45. Rf8+ Ke5 46. Re8+ Kd5 47. Kf4 Rb2 48. Re5+ Kd6 49. Rxf5 h4 50. Rg5 Rb4 51. Rg4 Rb2 52. Kxe4 Ke6 53. Kf3 Rb1 54. Rxh4 Kf5 55. Rf4+ Ke5 56. Ra4 Rf1+ 57. Kg4 Re1 58. e4 Rf1 59. g3 Rf7 60. Rb4 Rg7+ 61. Kf3 Rf7+ 62. Ke3 Rg7 63. Rb5+ Ke6 64. Kf4 Rf7+ 65. Rf5 Rc7 66. g4 Rc1 67. Kg5 Rc4 68. e5 Re4 69. Rf6+ Kxe5 70. Rf1 Kd6 71. Kh5 Ke7 72. g5 Rd4 73. g6 Rd3 74. Kh6 Rh3+ 75. Kg7 Rg3 76. Re1+ 1-0

[Event "EYCC 2017"]
[Site "Mamaia"]
[Date "2017.09.11"]
[Round "6"]
[White "Giang, Tran Nam"]
[Black "Dimitrov, Dimitar Hr"]
[Result "1-0"]
[ECO "B01"]
[WhiteElo "1561"]
[BlackElo "1170"]
[Annotator "NA RC"]
[PlyCount "63"]
[EventDate "2017.??.??"]
[EventType "swiss"]
[EventCountry "ROU"]
[SourceTitle "playchess.com"]
[Source "ChessBase"]
[SourceQuality "1"]
[TimeControl "40/5400+30:1800+30"]

1. e4 d5 2. exd5 Qxd5 3. Nc3 Qa5 4. d4 c6 5. Bc4 Nf6 6. Nf3 Bg4 7. h3 Bh5 8. Qe2 e6 9. g4 Bg6 10. Ne5 Bb4 11. Bd2 Nbd7 12. h4 Bxc2 13. Nxf7 e5 14. Nxh8 O-O-O 15. g5 Nd5 16. Bxd5 cxd5 17. Rc1 exd4 18. Rxc2 dxc3 19. Bxc3 Kb8 20. Nf7 Bxc3+ 21. bxc3 Rc8 22. O-O h6 23. Rb1 Nb6 24. Nd6 Rc7 25. Qe8+ Nc8 26. Rxb7+ Ka8 27. Rxc7 Qxc7 28. Qxc8+ Qxc8 29. Nxc8 Kb7 30. gxh6 gxh6 31. Nd6+ Kc6 32. Nf5 1-0

[Event "EYCC 2017"]
[Site "Mamaia"]
[Date "2017.09.11"]
[Round "6"]
[White "Maria, Lia-Alexandra"]
[Black "Pawicka, Magdalena"]
[Result "0-1"]
[ECO "D24"]
[WhiteElo "1539"]
[BlackElo "1826"]
[Annotator "NA"]
[PlyCount "72"]
[EventDate "2017.??.??"]
[EventType "swiss"]
[EventCountry "ROU"]
[SourceTitle "playchess.com"]
[Source "ChessBase"]
[SourceQuality "1"]
[TimeControl "40/5400+30:1800+30"]

1. d4 d5 2. c4 dxc4 3. Nf3 Nf6 4. Nc3 a6 5. a4 e6 6. e3 b6 7. Bxc4 Bb7 8. O-O Be7 9. Re1 O-O 10. b3 c5 11. Be2 Nc6 12. Bb2 cxd4 13. exd4 Nb4 14. h3 Nbd5 15. Na2 Rc8 16. Ne5 Bd6 17. Bf1 Nb4 18. Nc3 Nfd5 19. Qd2 Nxc3 20. Bxc3 Nd5 21. Bb2 Bb4 22. Qd3 Bxe1 23. Rxe1 Qg5 24. Nf3 Qh5 25. Re5 Qg6 26. Qe2 Rc2 27. Nh4 Rxe2 28. Nxg6 Rxb2 29. Nxf8 Kxf8 30. Bc4 Rd2 31. Rh5 Nf6 32. Rh4 Bd5 33. Bxa6 Bxb3 34. Bb5 g5 35. Rh6 Kg7 36. Rxf6 Kxf6 0-1

[Event "EYCC 2017"]
[Site "Mamaia"]
[Date "2017.09.11"]
[Round "6"]
[White "Fedorova, Olesya"]
[Black "Natoli, Alessia"]
[Result "1-0"]
[ECO "A45"]
[WhiteElo "1534"]
[BlackElo "1216"]
[Annotator "NA"]
[PlyCount "131"]
[EventDate "2017.??.??"]
[EventType "swiss"]
[EventCountry "ROU"]
[SourceTitle "playchess.com"]
[Source "ChessBase"]
[SourceQuality "1"]
[TimeControl "40/5400+30:1800+30"]

1. d4 Nf6 2. Nc3 d5 3. Bf4 Nbd7 4. e3 c6 5. Nf3 e6 6. Bd3 Bb4 7. O-O Bxc3 8. bxc3 O-O 9. c4 Nb6 10. c5 Nbd7 11. c4 Re8 12. cxd5 exd5 13. Rb1 b6 14. cxb6 axb6 15. Qc2 c5 16. dxc5 bxc5 17. Bb5 c4 18. Rfd1 Ba6 19. Bc6 Rc8 20. Bxd5 Nxd5 21. Rxd5 Qe7 22. Qa4 Nf6 23. Re5 Qa7 24. Ra5 Ra8 25. Be5 Qd7 26. Bxf6 Qxa4 27. Rxa4 gxf6 28. Rc1 Red8 29. Nd4 Rdb8 30. Nc6 Rb7 31. Rb4 Rxb4 32. Nxb4 Bb5 33. f3 Rd8 34. e4 Rd2 35. Nd5 Rxa2 36. Nc3 Ra5 37. Nxb5 Rxb5 38. Rxc4 Rb1+ 39. Kf2 Rh1 40. h3 Kg7 41. Ke3 Re1+ 42. Kf4 Re2 43. g3 h6 44. h4 h5 45. g4 hxg4 46. fxg4 Rf2+ 47. Kg3 Rf1 48. Rc2 Rg1+ 49. Rg2 Re1 50. Kf3 Rh1 51. h5 Re1 52. Rf2 Rg1 53. Kf4 Re1 54. Rf3 Re2 55. Re3 Rf2+ 56. Rf3 Re2 57. Rh3 Rg2 58. Re3 Rf2+ 59. Kg3 Rf1 60. Kg2 Rf4 61. Kg3 Rf1 62. Re2 Kh6 63. Rf2 Rxf2 64. Kxf2 f5 65. exf5 f6 66. Ke3 1-0

[Event "EYCC 2017"]
[Site "Mamaia"]
[Date "2017.09.11"]
[Round "6"]
[White "Shubenkova, Veronika"]
[Black "Markus, Molli Amina"]
[Result "1-0"]
[ECO "D55"]
[WhiteElo "1505"]
[BlackElo "1520"]
[Annotator "NA RC"]
[PlyCount "116"]
[EventDate "2017.??.??"]
[EventType "swiss"]
[EventCountry "ROU"]
[SourceTitle "playchess.com"]
[Source "ChessBase"]
[SourceQuality "1"]
[TimeControl "40/5400+30:1800+30"]

1. Nf3 d5 2. d4 Nf6 3. c4 e6 4. Bg5 Be7 5. e3 O-O 6. Nc3 c6 7. cxd5 exd5 8. Bd3 h6 9. Bxf6 Bxf6 10. O-O Nd7 11. Bc2 Nb6 12. Qd3 g6 13. b3 Bf5 14. Qd2 Bxc2 15. Qxc2 Bg7 16. Rac1 Qd7 17. Ne2 Nc8 18. Ng3 Re8 19. a3 Nd6 20. Rfe1 Ne4 21. Nxe4 Rxe4 22. Nd2 Re7 23. b4 Rae8 24. Nb3 Qd6 25. Rf1 Kh7 26. Qc5 Qb8 27. b5 cxb5 28. Qxd5 a6 29. Rc5 f5 30. g3 Rd8 31. Qf3 Qd6 32. Qf4 Qe6 33. Rc3 Qd5 34. Qh4 g5 35. Qh3 Qe6 36. Nc5 Qg6 37. Qg2 Rc8 38. Rfc1 Rec7 39. Qd5 Rc6 40. Qb3 R8c7 41. d5 Rb6 42. R3c2 Rd6 43. Ne6 Re7 44. Rc7 Qf7 45. Rxe7 Qxe7 46. Rc7 Rd7 47. Rxd7 Qxd7 48. Qd3 Qd6 49. Qxf5+ Kg8 50. Qg6 Qe7 51. Nxg7 Qxg7 52. Qe6+ Kh7 53. d6 Qa1+ 54. Kg2 Qd1 55. Qf7+ Kh8 56. d7 g4 57. Qf8+ Kh7 58. d8=Q Qd5+ 1-0

[Event "EYCC 2017"]
[Site "Mamaia"]
[Date "2017.09.11"]
[Round "6"]
[White "Andrukhovich, Elizaveta"]
[Black "Mikheeva, Galina"]
[Result "0-1"]
[ECO "C26"]
[WhiteElo "1465"]
[BlackElo "1596"]
[Annotator "NA RC"]
[PlyCount "90"]
[EventDate "2017.??.??"]
[EventType "swiss"]
[EventCountry "ROU"]
[SourceTitle "playchess.com"]
[Source "ChessBase"]
[SourceQuality "1"]
[TimeControl "40/5400+30:1800+30"]

1. e4 e5 2. Nc3 Nf6 3. g3 d5 4. exd5 Nxd5 5. Bg2 Nxc3 6. bxc3 Bc5 7. Ne2 Nc6 8. O-O O-O 9. h3 Qd6 10. d3 f5 11. Kh1 f4 12. gxf4 exf4 13. Bxf4 Rxf4 14. Nxf4 Qxf4 15. Qh5 Bf5 16. Rfe1 g6 17. Qf3 Qxf3 18. Bxf3 Bxf2 19. Re2 Bc5 20. Bxc6 bxc6 21. d4 Bf8 22. Kg2 Rb8 23. a4 Kf7 24. a5 Rb2 25. a6 Rxc2 26. Rxc2 Bxc2 27. Kf3 Bd3 28. Ke3 Bb5 29. Ke4 Ke6 30. Ra5 Bd6 31. Ke3 Kd5 32. Kd2 Kc4 33. Kc2 g5 34. Ra1 h5 35. Rg1 Bf4 36. Re1 Bxa6 37. Ra1 Bb5 38. Rxa7 g4 39. hxg4 hxg4 40. Ra8 g3 41. Rg8 Ba4+ 42. Kb2 Bd1 43. Rg6 Bf3 44. Re6 g2 45. Re1 Bh2 0-1

[Event "EYCC 2017"]
[Site "Mamaia"]
[Date "2017.09.11"]
[Round "6"]
[White "Ribstein, Orel"]
[Black "Hajdu, Marton Abris"]
[Result "0-1"]
[ECO "A45"]
[WhiteElo "1464"]
[BlackElo "1280"]
[Annotator "NA"]
[PlyCount "84"]
[EventDate "2017.??.??"]
[EventType "swiss"]
[EventCountry "ROU"]
[SourceTitle "playchess.com"]
[Source "ChessBase"]
[SourceQuality "1"]
[TimeControl "40/5400+30:1800+30"]

1. d4 Nf6 2. Nc3 d5 3. Bf4 a6 4. Qd2 Bf5 5. f3 h5 6. e3 g6 7. Nge2 b5 8. a3 Bg7 9. Ng3 Bd7 10. Bg5 c6 11. Bd3 a5 12. Nge2 Be6 13. Nf4 Bd7 14. O-O h4 15. Bxg6 fxg6 16. Nxg6 Rh5 17. Bxh4 Rh6 18. Qd3 Qc8 19. g4 Bxg4 20. Ne5 Bf5 21. e4 Bh3 22. Bg5 Bxf1 23. Rxf1 Rh5 24. Bxf6 Bxf6 25. exd5 Rg5+ 26. Ng4 Nd7 27. h4 Rg7 28. h5 Qc7 29. dxc6 Qg3+ 30. Kh1 Qh3+ 31. Kg1 Rxg4+ 32. fxg4 Qxg4+ 33. Kh1 Qxh5+ 34. Kg2 Nb6 35. Qxb5 Qg4+ 36. Kh2 Kf7 37. Qb3+ e6 38. Rxf6+ Kxf6 39. Ne4+ Qxe4 40. Qxb6 Rh8+ 41. Kg3 Qe3+ 42. Kg4 Rg8+ 0-1

[Event "EYCC 2017"]
[Site "Mamaia"]
[Date "2017.09.11"]
[Round "6"]
[White "Zavivaeva, Evelina"]
[Black "Svergina, Sofya"]
[Result "0-1"]
[ECO "C11"]
[WhiteElo "1406"]
[BlackElo "1472"]
[Annotator "NA RC"]
[PlyCount "126"]
[EventDate "2017.??.??"]
[EventType "swiss"]
[EventCountry "ROU"]
[SourceTitle "playchess.com"]
[Source "ChessBase"]
[SourceQuality "1"]
[TimeControl "40/5400+30:1800+30"]

1. e4 e6 2. d4 d5 3. Nc3 Nf6 4. Bg5 dxe4 5. Nxe4 Be7 6. Bxf6 gxf6 7. Nf3 f5 8. Nc3 a6 9. Bc4 b5 10. Bb3 Bb7 11. a3 c5 12. O-O O-O 13. Re1 Kh8 14. Kh1 Rg8 15. Rg1 cxd4 16. Nxd4 Bc5 17. Nce2 Qd7 18. Qd3 e5 19. Nxf5 Qxd3 20. cxd3 Bxf2 21. Bxf7 Rg5 22. Neg3 Bxg1 23. Kxg1 Nd7 24. h4 Rg4 25. Kh2 Nf6 26. Re1 e4 27. dxe4 Nxe4 28. Nxe4 Rxe4 29. Rxe4 Bxe4 30. Nd6 Rf8 31. Be6 Bg6 32. Kg3 Rf6 33. Nxb5 Rxe6 34. Nc3 Rb6 35. b4 Rd6 36. Na4 Rd3+ 37. Kf4 Rxa3 38. Nc5 Bd3 39. Ke5 a5 40. Kd4 Bf1 41. bxa5 Rxa5 42. g4 Bh3 43. g5 Bg4 44. Kc4 Kg7 45. Kb4 Ra1 46. Nd3 Rh1 47. Nf2 Rxh4 48. Kc5 Rh5 49. Kd4 Rxg5 50. Ke4 h5 51. Kf4 Rf5+ 52. Kg3 h4+ 53. Kg2 h3+ 54. Kg3 h2 55. Nh1 Bf3 56. Nf2 h1=Q 57. Nxh1 Bxh1 58. Kg4 Kg6 59. Kg3 Kg5 60. Kh2 Kh4 61. Kxh1 Kg3 62. Kg1 Rf2 63. Kh1 Rf1# 0-1

[Event "EYCC 2017"]
[Site "Mamaia"]
[Date "2017.09.11"]
[Round "6"]
[White "Zubkovskaya, Ekaterina"]
[Black "Mkrtchyan, Anahit"]
[Result "1-0"]
[ECO "C22"]
[WhiteElo "1399"]
[BlackElo "1806"]
[Annotator "NA RC"]
[PlyCount "97"]
[EventDate "2017.??.??"]
[EventType "swiss"]
[EventCountry "ROU"]
[SourceTitle "playchess.com"]
[Source "ChessBase"]
[SourceQuality "1"]
[TimeControl "40/5400+30:1800+30"]

1. e4 e5 2. d4 exd4 3. Qxd4 Nc6 4. Qe3 Bb4+ 5. Nc3 Qe7 6. Nf3 d6 7. Bc4 Nf6 8. Bd2 Bc5 9. Qe2 Bg4 10. Be3 Bd4 11. Bd5 Bxc3+ 12. bxc3 Nxe4 13. Bxc6+ bxc6 14. Bd4 Bxf3 15. gxf3 Ng5 16. Be3 h6 17. h4 Ne6 18. f4 Qf6 19. Kd2 Kd7 20. Qg4 Rab8 21. f5 h5 22. fxe6+ fxe6 23. Qh3 Rb5 24. Bd4 Rd5 25. Ke2 Qg6 26. Qd3 Qg4+ 27. Qf3 Qg6 28. Rac1 c5 29. Be3 Rf5 30. Qg3 Qf6 31. Rhg1 Rh7 32. Qg6 Qxh4 33. Rcd1 Qc4+ 34. Rd3 Qxa2 35. Rc1 c4 36. Rdd1 Ke7 37. Qxh7 a5 38. Qxg7+ Rf7 39. Bg5+ Ke8 40. Qg6 a4 41. Qe4 a3 42. Qa8+ Kd7 43. Qa4+ Kc8 44. Qb4 Rf5 45. Be3 h4 46. Qa4 h3 47. Qe8+ Kb7 48. Rb1+ Ka6 49. Qa8# 1-0

[Event "EYCC 2017"]
[Site "Mamaia"]
[Date "2017.09.11"]
[Round "6"]
[White "Mustu, Hatice Asli"]
[Black "Shvedova, Alexandra"]
[Result "1/2-1/2"]
[ECO "D00"]
[WhiteElo "1365"]
[BlackElo "1578"]
[Annotator "NA"]
[PlyCount "116"]
[EventDate "2017.??.??"]
[EventType "swiss"]
[EventCountry "ROU"]
[SourceTitle "playchess.com"]
[Source "ChessBase"]
[SourceQuality "1"]
[TimeControl "40/5400+30:1800+30"]

1. d4 d5 2. Bf4 Nf6 3. e3 c5 4. c3 Qb6 5. Qb3 Nc6 6. Nd2 c4 7. Qc2 e6 8. Ngf3 Be7 9. Be2 O-O 10. h3 Qa5 11. O-O b5 12. a3 Qb6 13. e4 a5 14. Rfe1 Bb7 15. exd5 exd5 16. Ne5 Nxe5 17. Bxe5 Nd7 18. Bf3 Bf6 19. Bxf6 Qxf6 20. a4 Qb6 21. Re7 Bc6 22. axb5 Qxb5 23. Be2 a4 24. Rb1 Qa5 25. Bf3 Qc7 26. Qf5 Rae8 27. Rxe8 Rxe8 28. Bxd5 Nb6 29. Bxc6 Qxc6 30. Nf3 Nd5 31. Ne5 Qc7 32. Qf3 Rd8 33. Qe2 Rc8 34. Re1 Re8 35. Qf3 Nf6 36. Ra1 Qb8 37. Rxa4 Qxb2 38. Rxc4 Qb1+ 39. Kh2 Qb8 40. Qc6 Qb2 41. Ng4 Nxg4+ 42. hxg4 Rf8 43. Qf3 Qb5 44. Rc5 Qb6 45. Qh3 Qf6 46. Qg3 Qh6+ 47. Rh5 Qd2 48. d5 g6 49. Re5 Qh6+ 50. Qh3 Qf4+ 51. Qg3 Qh6+ 52. Kg1 Qc1+ 53. Kh2 Qh6+ 54. Qh3 Qf4+ 55. Qg3 Qh6+ 56. Kg1 Qc1+ 57. Kh2 Qh6+ 58. Qh3 Qf4+ 1/2-1/2

[Event "EYCC 2017"]
[Site "Mamaia"]
[Date "2017.09.11"]
[Round "6"]
[White "Abaszada, Suada"]
[Black "Shukhman, Anna"]
[Result "0-1"]
[ECO "A38"]
[WhiteElo "1295"]
[BlackElo "1583"]
[Annotator "NA"]
[PlyCount "120"]
[EventDate "2017.??.??"]
[EventType "swiss"]
[EventCountry "ROU"]
[SourceTitle "playchess.com"]
[Source "ChessBase"]
[SourceQuality "1"]
[TimeControl "40/5400+30:1800+30"]

1. c4 Nf6 2. Nf3 g6 3. g3 Bg7 4. Bg2 O-O 5. O-O c5 6. Nc3 Nc6 7. d3 d6 8. Rb1 Nd7 9. a3 Nde5 10. Bd2 Nxf3+ 11. exf3 Ne5 12. Qc2 Bf5 13. Ne4 d5 14. cxd5 Qxd5 15. g4 Be6 16. Qxc5 Nxd3 17. Qxe7 Qd8 18. Qxd8 Rfxd8 19. b4 Rac8 20. Bg5 Rd5 21. Bf6 Rc2 22. Bxg7 Kxg7 23. Rbd1 Nf4 24. Rxd5 Bxd5 25. Nd6 Nxg2 26. Kxg2 Rc3 27. Ne4 Rxa3 28. Rd1 Bc6 29. Rc1 f5 30. gxf5 gxf5 31. Rc3 Ra4 32. Nd6 Kg6 33. b5 Bd5 34. Rc5 Rd4 35. Rc3 Bxf3+ 36. Rxf3 Rxd6 37. Rg3+ Kh6 38. Rh3+ Kg7 39. Rg3+ Rg6 40. Rxg6+ hxg6 41. Kf3 a5 42. Ke3 Kf6 43. Kd3 Ke5 44. Kc4 b6 45. Kd3 g5 46. Ke3 f4+ 47. Kd3 g4 48. Kd2 Kd4 49. Ke2 a4 50. Kd2 Kc4 51. Kc2 Kxb5 52. Kb1 Kb4 53. Kb2 a3+ 54. Ka2 Ka4 55. Ka1 Kb3 56. Kb1 a2+ 57. Ka1 f3 58. h3 g3 59. fxg3 f2 60. g4 f1=Q# 0-1